 Dungeon Crawl Stone Soup version 0.17.1-2-g5865329 (webtiles) character file.

72 Metrazal the Sneak (level 4, 18/22 HPs)
             Began as a Spriggan Assassin on Jan 30, 2016.
             Quit the game on level 3 of the Dungeon.
             The game lasted 00:16:28 (1738 turns).

Metrazal the Sneak (Spriggan Assassin)              Turns: 1738, Time: 00:16:28

Health: 18/22      AC:  3    Str:  7    XL:     4   Next: 6%
Magic:  5/5        EV: 21    Int: 12    God:
Gold:   143        SH:  0    Dex: 18    Spells: 0 memorised, 3 levels left

rFire  . . .     SeeInvis +     b - +0 blowgun
rCold  . . .     Clarity  .     c - +0 robe
rNeg   . . .     SustAt   .     (shield restricted)
rPois  .         Gourm    .     (helmet restricted)
rElec  .         Spirit   .     d - +0 cloak
rCorr  .         Warding  .     (gloves unavailable)
rMut   .         Stasis   .     (boots unavailable)
MR     .....                    (no amulet)
Stlth  ++++......               (no ring)
                                r - ring of flight

@: very quick, not resistant to hostile enchantments, stealthy
A: unfitting armour, see invisible, herbivore 3, speed 3, slow metabolism 2
a: Evoke Flight


You were on level 3 of the Dungeon.
You were not hungry.

You visited 1 branch of the dungeon, and saw 3 of its levels.

You collected 143 gold pieces.

Inventory:

Hand Weapons
 a - a +2 dagger
 b - a +0 blowgun (weapon)
Missiles
 e - a poisoned needle (quivered)
 f - 17 sling bullets
 i - 58 stones
 n - 49 arrows
Armour
 c - a +0 robe (worn)
 d - a +0 cloak (worn)
Jewellery
 r - a ring of flight (left hand)
Scrolls
 h - 3 scrolls of identify {unknown}
 k - a scroll of recharging {unknown}
 l - a scroll of remove curse {unknown}
 m - a scroll of blinking {unknown}
 o - a scroll of teleportation {unknown}
 p - 2 scrolls of random uselessness {unknown}
 q - a scroll of fog {unknown}
Potions
 j - 2 potions of might {unknown}
 s - a potion of cancellation {unknown}
 u - a potion of magic {unknown}
Comestibles
 g - a bread ration
 t - a slice of pizza


   Skills:
 - Level 1.5 Fighting
 - Level 2.1 Short Blades
 - Level 2.0 Throwing
 + Level 5.8 Dodging
 - Level 5.8 Stealth


You had 3 spell levels left.
You didn't know any spells.

Dungeon Overview and Level Annotations

Branches:
Dungeon (3/15)

Altars:
Ashenzari
Dithmenos
Qazlal
Yredelemnul

Annotations:
D:3 christos's ghost, amateur OpMo


Innate Abilities, Weirdness & Mutations

You are tiny and cannot use many weapons and most armour.
You have supernaturally acute eyesight.
You are a herbivore.
You cover ground extremely quickly.
You need consume almost no food.


Message History

Aim: a giant newt (resting)
You shoot a poisoned needle.
The helpless giant newt fails to defend itself.
The poisoned needle hits the giant newt in a vulnerable spot!
The giant newt is poisoned.
Throwing (i - inventory):
i - 58 stones (quivered)
Press: ? - help, Shift-Dir - straight line, f/p - giant newt
Aim: a giant newt (poisoned)
You throw a stone. The stone misses the giant newt.
You kill the giant newt!
n - 49 arrows (gained 24)
You see here a giant newt corpse.
i - 58 stones (gained 1);
e - a poisoned needle
Found a scroll labeled CIDWIA PYGIGAK.
Christos's ghost (amateur Octopode Monk) comes into view.
Found a stormy altar of Qazlal.
h - 3 scrolls labeled CIDWIA PYGIGAK (gained 1) Quiver which item? (- for none, * to show all) (? for menu, Esc to quit)
Okay, then.
Are you sure you want to abandon this character and quit the game? (Confirm with "yes".)

#.....####.##.##
#.....# #.# #.....#
.##.## ##...##
...... ##†## ###.##
######.# #.#
...##.# #.#
###.##.#########.##
#.@................
#.....####.#######
#### #.###. #.# #.
#.# .. #.# #.# ..
.W. #.# .._ ... #.#
... ... #.# #.#


There were no monsters in sight!

Vanquished Creatures
  3 adders
  2 worms (D:2)
  A giant gecko (D:3)
  2 bats
  3 giant cockroaches
  5 hobgoblins
  3 jackals (D:2)
  7 kobolds
  A giant newt (D:3)
  3 goblins
  6 rats
36 creatures vanquished.

Notes
Turn   | Place    | Note
--------------------------------------------------------------
     0 | D:1      | Metrazal the Spriggan Assassin began the quest for the Orb.
     0 | D:1      | Reached XP level 1. HP: 10/10 MP: 2/2
   498 | D:2      | Reached XP level 2. HP: 14/14 MP: 3/3
   628 | D:2      | Found a basalt altar of Yredelemnul.
   735 | D:2      | Found a shattered altar of Ashenzari.
   791 | D:2      | Reached XP level 3. HP: 16/18 MP: 4/4
  1077 | D:2      | Reached skill level 5 in Dodging
  1408 | D:3      | Found a shadowy altar of Dithmenos.
  1675 | D:3      | Reached XP level 4. HP: 15/22 MP: 5/5
  1732 | D:3      | Noticed christos's ghost (amateur OpMo)
  1736 | D:3      | Found a stormy altar of Qazlal.
  1738 | D:3      | Quit the game

Action                   |  1- 3 |  4- 6 || total
-------------------------+-------+-------++-------
 Fire: Blowgun           |    58 |     1 ||    59
Throw: Stone             |    37 |     1 ||    38
 Stab: Sleeping          |    26 |     1 ||    27
       Distracted        |     1 |       ||     1
